Get step-by-step instructions on how to execute this build order below. Start the game timer, and the build order will tick by so you can play in parallel with StarCraft on a second screen or mobile device.

Game Time

  0:00

Last Step

  N/A

Next Step

Upcoming Step



Don't want to look back and forth between 2 screens? Try out our Overwolf App, the Spawning Tool Build Advisor to get an in-game overlay with this build!

Complete Build Order

  12  0:02  Drone  
  13  0:13  Overlord  
  13  0:17  Drone  
  14  0:31  Drone x2  
  14  0:35  Drone  
  17  0:48  Spawning Pool  
  16  0:57  Drone  
  17  1:13  Hatchery  
  17  1:17  Overlord  
  16  1:22  Drone  
  17  1:29  Drone  
  18  1:36  Drone  
  18  1:38  Queen  
  21  1:41  Zergling x2  
  21  1:46  Extractor  
  21  1:59  Zergling x2  
  22  2:09  Drone  
  22  2:14  Queen  
  25  2:21  Drone  
  26  2:33  Drone  
  26  2:34  Drone x2  
  26  2:35  Queen  
  31  2:40  Drone  
  32  2:53  Drone  
  32  2:54  Drone  
  34  3:00  Hatchery  
  34  3:01  Lair  
  32  3:07  Drone  
  32  3:09  Overlord  
  33  3:19  Overlord  
  33  3:20  Drone  
  33  3:21  Drone x2  
  36  3:30  Drone x3  
  36  3:32  Extractor  
  38  3:37  Evolution Chamber  
  38  3:38  Drone  
  38  3:39  Drone  
  39  3:46  Zergling x2  
  40  3:49  Drone  
  40  3:50  Drone x3  
  44  3:56  Drone  
  44  3:57  Drone  
  44  4:00  Drone  
  44  4:02  Evolution Chamber  
  46  4:03  Overlord  
  46  4:06  Drone  
  47  4:16  Roach Warren  
  46  4:18  Drone  
  46  4:19  Drone  
  46  4:21  Hydralisk Den  
  46  4:22  Extractor  
  46  4:24  Drone x2  
  48  4:25  Extractor  
  48  4:30  Drone x2  
  49  4:32  Spore Crawler  
  49  4:34  Overseer  
  48  4:43  Drone  
  48  4:44  Zerg Missile Weapons Level 1  
  49  4:46  Drone x5  
  49  4:47  Drone  
  55  4:58  Queen  
  55  4:59  Glial Reconstitution  
  57  5:01  Overlord  
  57  5:02  Overlord  
  57  5:06  Drone x3  
  60  5:14  Zergling x4  
  60  5:15  Zergling x4  
  60  5:19  Metabolic Boost  
  60  5:21  Drone x3  
  65  5:24  Drone x2  
  65  5:25  Drone  
  70  5:33  Zerg Ground Armor Level 1  
  70  5:35  Drone x4  
  74  5:42  Extractor  
  73  5:47  Extractor  
  73  5:49  Hatchery  
  71  5:57  Roach  
  71  5:58  Roach x4  
  71  5:59  Overlord  
  71  6:03  Drone  
  82  6:05  Overlord x2  
  82  6:12  Lurker Den  
  82  6:14  Overlord  
  82  6:23  Overseer  
  82  6:25  Hydralisk  
  82  6:26  Hydralisk x4  
  82  6:28  Drone x3  
  82  6:31  Drone x3  
  98  6:39  Queen  
  100  7:02  Hydralisk  
  100  7:03  Hydralisk x8  
  100  7:04  Overlord  
  100  7:05  Overlord  
  118  7:09  Zergling x2  
  118  7:10  Overlord x3  
  118  7:21  Overlord x4  
  118  7:25  Zerg Missile Weapons Level 2  
  118  7:28  Drone, Hydralisk x3  
  125  7:39  Pneumatized Carapace  
  125  7:40  Lurker  
  125  7:41  Lurker  
  127  7:44  Overlord x2  
  127  7:46  Roach, Zergling x2  
  127  7:47  Zergling x10  
  127  7:49  Zerg Melee Weapons Level 1  
  135  8:04  Roach x8  
  135  8:05  Roach  
  153  8:08  Lurker  
  154  8:14  Drone  
  154  8:15  Drone x5, Infestation Pit  
  159  8:21  Overseer  
  159  8:37  Lurker x3  
  159  8:40  Drone x2  
  164  8:42  Drone, Extractor  
  164  8:43  Drone x7, Hydralisk  
  164  8:44  Hydralisk x2, Extractor  
  164  8:45  Zergling x2  
  164  8:46  Zergling x8  
  181  8:52  Overlord x2  
  181  8:54  Muscular Augments  
  167  9:41  Drone  
  167  9:42  Drone x18  
  167  9:43  Drone x3  
  181  9:46  Spine Crawler  
  161  10:47  Hydralisk  
  140  10:51  Hydralisk  
  140  10:57  Hydralisk x14  
  141  11:02  Hydralisk  
  161  11:04  Zerg Ground Armor Level 2  
  161  11:07  Hive  
  147  11:18  Hydralisk  
  147  11:19  Hydralisk x5  
  151  11:28  Hydralisk  
  151  11:29  Hydralisk x2  
  157  11:33  Spore Crawler  
  157  11:36  Spine Crawler  
  157  11:37  Roach, Zergling x4  
  157  11:38  Spine Crawler  
  158  11:48  Overseer  
  158  11:49  Overseer  
  158  11:50  Hatchery  
  151  11:54  Hydralisk  
  151  11:55  Hydralisk x6  
  151  11:56  Zergling x2  
  151  11:58  Queen x3  
  146  12:15  Hydralisk  
  146  12:16  Hydralisk x7  
  146  12:20  Lurker x9  
  146  12:21  Zergling x2  
  146  12:22  Zergling x4  
  156  12:23  Queen  
  156  12:25  Zerg Missile Weapons Level 3  
  156  12:29  Drone  
  155  12:30  Drone  
  155  12:33  Drone, Queen x2  
  155  12:34  Drone  
  162  12:51  Zergling x10  
  163  12:52  Zergling x2  
  163  12:57  Hydralisk  
  163  12:58  Hydralisk x2  
  174  13:11  Extractor  
  173  13:13  Extractor  
  173  13:14  Spore Crawler  
  173  13:18  Spore Crawler  
  173  13:19  Drone x2  
  173  13:20  Drone  
  173  13:33  Hydralisk x12  
  193  13:35  Overlord x2  
  172  13:58  Hatchery  
  172  14:00  Zergling x16  
  172  14:01  Zergling x18  
  167  14:12  Zergling x2  
  167  14:16  Zergling x2  
  159  14:22  Hydralisk x3  
  163  14:26  Overlord x3  
  158  14:31  Overlord  
  158  14:38  Spire  
  153  14:40  Ultralisk Cavern  
  152  15:03  Zergling x14  
  159  15:09  Zerg Melee Weapons Level 2  
  159  15:10  Zerg Ground Armor Level 3  
  159  15:12  Zergling x2  
  159  15:13  Zergling x14  
  165  15:15  Adrenal Glands  
  165  15:29  Ultralisk  
  165  15:30  Ultralisk x4  
  195  16:04  Drone x2  
  195  16:17  Drone x2  
  193  16:28  Ultralisk  
  193  16:30  Greater Spire  
  198  16:32  Chitinous Plating  
  198  16:35  Spire  
  198  16:38  Zergling x4  
  198  16:39  Spore Crawler x2, Zergling x4  
  199  16:40  Lurker  
  199  16:42  Spine Crawler x2  
  199  16:44  Spine Crawler  
  197  16:53  Overseer  
  197  17:13  Hatchery  
  166  17:27  Zergling x6  
  166  17:29  Mutalisk  
  153  17:30  Mutalisk x19  
  153  17:31  Mutalisk  
  158  17:50  Drone x4  
  155  17:52  Extractor  
  155  17:56  Overlord x3  
  148  18:05  Zerg Flyer Armor Level 1, Zerg Flyer Weapons Level 1  
  148  18:06  Mutalisk x11  
  170  18:20  Mutalisk  
  170  18:22  Zergling x14  
  153  18:45  Ultralisk  
  153  18:46  Ultralisk x4  
  161  19:05  Zergling x8  
  161  19:06  Zergling x8  
  161  19:12  Spore Crawler  
  156  19:17  Drone  
  156  19:18  Drone x9  
  156  19:19  Spine Crawler  
  156  19:20  Spine Crawler  
  156  19:21  Hydralisk  
  156  19:22  Hydralisk x2, Spine Crawler  
  156  19:23  Spine Crawler  
  156  19:24  Spine Crawler  
  165  19:26  Spine Crawler  
  164  19:33  Spore Crawler  
  164  19:38  Hydralisk x4  
  171  19:47  Zergling x18  
  180  19:57  Zergling x2  
  180  19:58  Zergling x14  
  163  20:08  Zergling x10  
  163  20:09  Zergling x4  
  163  20:11  Zergling x2  
  163  20:12  Zergling x2  
  161  20:14  Zergling x2  
  161  20:15  Zergling x8  
  161  20:18  Zergling x2  
  161  20:19  Zergling x2  
  129  20:39  Extractor  
  129  20:42  Ultralisk x3, Extractor  
  137  20:46  Overseer x6  
  137  20:53  Zergling x2  
  137  20:54  Zergling x2  
  139  21:12  Hydralisk  
  139  21:13  Spore Crawler, Hydralisk x7  
  154  21:32  Hydralisk x8  
  156  21:37  Zergling x6  
  156  21:38  Zergling x4  
  175  21:51  Hydralisk x4  
  175  21:52  Hydralisk  
  184  21:58  Hydralisk  
  182  22:06  Zergling x2  
  182  22:07  Zergling x22  
  183  22:15  Hydralisk  
  168  22:19  Zergling x2  
  168  22:20  Zergling x12